 Dungeon Crawl Stone Soup version 0.29-a0-553-g81b289dbe5 (webtiles) character file.

Game seed: 15133835075490860991

7039 Gargoyl the Protected (level 11, 0/67 HPs)
             Began as a Gargoyle Berserker on June 6, 2022.
             Was a Priest of Trog.
             Slain by a death yak (8 damage)
             ... on level 8 of the Dungeon.
             The game lasted 00:14:05 (8591 turns).

Gargoyl the Protected (Gargoyle Berserker)          Turns: 8591, Time: 00:14:06

Health: 0/67       AC: 27    Str: 21    XL:     11   Next: 9%
Magic:  11/11      EV: 15    Int:  8    God:    Trog [***...]
Gold:   696        SH:  0    Dex: 19    Spells: 10/10 levels left

rFire   . . .      SeeInvis .   E - +0 broad axe (elec)
rCold   + . .      Faith    .   (no shield)
rNeg    + . .      Spirit   .   s - +3 ring mail
rPois   ∞          Reflect  .   x - +2 hat
rElec   +          Harm     .   i - +1 cloak
rCorr   .          Rampage  .   (no gloves)
Will    ++...                   g - +0 pair of boots
Stlth   ++........              (no amulet)
HPRegen 1.21/turn               c - +6 ring of dexterity
MPRegen 0.12/turn               p - +4 ring of protection

@: strong-willed (expiring), on berserk cooldown, regenerating (expiring),
slowed, very slow
A: sickness immunity, AC +8, negative energy resistance 1, electricity
resistance, torment resistance 1, petrification resistance, cold resistance 1,
deterioration 1
a: Renounce Religion, Berserk, Trog's Hand


You were on level 8 of the Dungeon.
You worshipped Trog.
Trog was most pleased with you.
You visited 1 branch of the dungeon, and saw 8 of its levels.

You collected 696 gold pieces.

Inventory:

Hand Weapons
 a - a +1 hand axe of protection
 k - a +3 war axe of flaming
 r - a +1 trident of venom
 E - a +0 broad axe of electrocution (weapon)
Missiles
 v - 17 poisoned darts (quivered)
Armour
 g - a +0 pair of boots (worn)
 i - a +1 cloak (worn)
 s - a +3 ring mail (worn)
 x - a +2 hat (worn)
Jewellery
 c - a +6 ring of dexterity (left hand)
 e - a ring of resist corrosion
 p - a +4 ring of protection (right hand)
 w - a +6 ring of intelligence
 y - a +4 ring of evasion
 C - an amulet of magic regeneration
Wands
 n - a wand of flame (26)
 q - a wand of digging (11)
 t - a wand of polymorph (15)
 A - a wand of acid (2)
 F - a wand of mindburst (12)
Scrolls
 j - a scroll of brand weapon
Potions
 d - 4 potions of cancellation
 f - a potion of berserk rage
 h - a potion of resistance
 l - a potion of haste
 m - 6 potions of curing
 o - a potion of flight
 u - a potion of brilliance
 z - 2 potions of heal wounds
 B - a potion of invisibility


   Skills:
 + Level 7.6 Fighting
 + Level 7.1 Short Blades
 + Level 7.3 Axes
 + Level 8.1 Armour
 + Level 6.9 Dodging
 + Level 3.3 Stealth


You had 10 spell levels left.
You didn't know any spells.
Your spell library was empty.

Dungeon Overview and Level Annotations

Branches:
Dungeon (8/15)             Temple (0/1) D:4            Lair (0/6) D:8

Altars:
Sif Muna
Wu Jian
Zin
The Shining One

Shops:
D:3 ?   D:7 :


Innate Abilities, Weirdness & Mutations

You are immune to sickness and miasma.
Your stone body is resilient. (AC +8)
You are immune to poison.
You resist negative energy. (rN+)
You are resistant to electric shocks. (rElec)
You are resistant to unholy torment.
You are immune to petrification.
Your flesh is cold resistant. (rC+)
Your body sometimes deteriorates upon taking damage.


Message History

The death yak is severely wounded.
The death yak gores you!
* * * LOW HITPOINT WARNING * * *
You slash the death yak!
The death yak is severely wounded.
The death yak barely misses you.
An orc comes into view. It is wielding a +0 dagger.
You hit the death yak.
The death yak is almost dead.
You completely miss the death yak.
The death yak is almost dead.
The death yak misses you.
You slash the death yak!
You kill the death yak!
Trog accepts your kill.
You slash the death yak!
The death yak is lightly wounded.
The death yak closely misses you.
You barely miss the death yak.
The death yak is lightly wounded.
The death yak gores you!!
* * * LOW HITPOINT WARNING * * *
You barely miss the death yak.
The death yak is lightly wounded.
You slice the death yak!!
The death yak is heavily wounded.
The death yak gores you.
* * * LOW HITPOINT WARNING * * *
You slash the death yak!
The death yak is heavily wounded.
The death yak gores you.
* * * LOW HITPOINT WARNING * * *
You barely miss the death yak.
The death yak is heavily wounded.
You are no longer berserk.
You are exhausted.
You feel yourself slow down.
You feel the effects of Trog's Hand fading.
The death yak gores you!
You die...

.....#...
#.......
#.....Y #...[.
#...Y### #o#.#
#.YY# ###Y#
####@#####
#.##........#
#<..<.........#
####........#..
#........#
#........#
#........#
##########


You could see 2 death yaks, 2 yaks and an orc.

Vanquished Creatures
  A death yak (D:8)
  Maggie (D:6)
  A komodo dragon (D:7)
  A troll (D:6)
  A hornet (D:7)
  Sigmund (D:3)
  A yak (D:7)
  2 steam dragons (D:7)
  Eustachio (D:6)
  5 water moccasins
  An orc warrior (D:6)
  A sky beast (D:6)
  4 ice beasts (D:6)
  3 black bears
  4 ogres
  4 centaurs (D:7)
  2 phantoms
  5 bullfrogs
  Blork the orc (D:4)
  A kobold brigand (D:6)
  A gnoll sergeant (D:4)
  6 necrophages
  5 scorpions
  3 wights
  2 howler monkeys (D:6)
  7 jellies
  8 hounds
  3 orc priests
  Crazy Yiuf (D:6)
  7 iguanas
  6 orc wizards
  Natasha (twice) (D:4)
  12 adders
  7 gnolls
  4 white imps
  2 ufetubi (D:6)
  5 worms
  5 dart slugs
  18 orcs
  6 bats
  9 giant cockroaches
  7 goblins
  14 hobgoblins
  5 jackals
  10 kobolds
  9 quokkas
  3 ball pythons
  4 frilled lizards
  6 rats
218 creatures vanquished.

Vanquished Creatures (others)
  A steam dragon (D:7)
  An orc (D:6)
  2 plants (D:4)
4 creatures vanquished.

Grand Total: 222 creatures vanquished

Notes
Turn   | Place    | Note
-------+----------+-------------------------------------------
     0 | D:1      | Gargoyl the Gargoyle Berserker began the quest for the Orb.
     0 | D:1      | Reached XP level 1. HP: 14/14 MP: 1/1
    70 | D:1      | Reached XP level 2. HP: 18/19 MP: 2/2
   337 | D:1      | Reached XP level 3. HP: 22/24 MP: 3/3
   520 | D:1      | Reached ** piety under Trog
  1024 | D:2      | Reached XP level 4. HP: 15/29 MP: 4/4
  1278 | D:2      | Found a glowing golden altar of the Shining One.
  1343 | D:2      | Found a faded altar of an unknown god.
  2059 | D:3      | Found Voxkuxots's Magic Scroll Emporium.
  2317 | D:3      | Reached XP level 5. HP: 33/33 MP: 5/5
  2343 | D:3      | Reached *** piety under Trog
  2829 | D:3      | Noticed Sigmund
  2840 | D:3      | Killed Sigmund
  2841 | D:3      | Reached skill level 3 in Armour
  2841 | D:3      | Reached skill level 1 in Stealth
  2841 | D:3      | Reached XP level 6. HP: 39/39 MP: 6/6
  2956 | D:4      | Gained mutation: Your spells are a little harder to cast,
                  | but a little more powerful. [potion of mutation]
  2956 | D:4      | Gained mutation: Your body sometimes deteriorates upon
                  | taking damage. [potion of mutation]
  2956 | D:4      | Gained mutation: You have hidden genetic defects. [potion
                  | of mutation]
  3017 | D:4      | Noticed Natasha
  3021 | D:4      | Reached skill level 5 in Axes
  3026 | D:4      | Killed Natasha
  3034 | D:4      | Found an ornate altar of the Wu Jian Council.
  3115 | D:4      | Gained mutation: You are weak. (Str -2) [hidden defects]
  3120 | D:4      | Noticed Blork the orc
  3134 | D:4      | Killed Blork the orc
  3135 | D:4      | Reached XP level 7. HP: 30/44 MP: 7/7
  3163 | D:4      | Gained mutation: You tend to lose your temper in combat.
                  | [hidden defects]
  3163 | D:4      | Lost mutation: You have hidden genetic defects. [hidden
                  | defects expressed]
  3285 | D:4      | Noticed Natasha
  3379 | D:4      | Found a staircase to the Ecumenical Temple.
  3676 | D:4      | Identified the +7 dagger "Izxig" {vorpal, rElec}
  3953 | D:4      | Killed Natasha
  4008 | D:5      | Entered Level 5 of the Dungeon
  4026 | D:5      | Reached skill level 4 in Armour
  4037 | D:5      | Reached XP level 8. HP: 44/48 MP: 8/8
  4114 | D:5      | Reached skill level 5 in Fighting
  4214 | D:5      | Reached skill level 1 in Short Blades
  4643 | D:6      | Noticed Maggie
  4663 | D:6      | Noticed Eustachio
  4670 | D:6      | Found a glowing silver altar of Zin.
  4675 | D:6      | Reached skill level 5 in Armour
  4892 | D:6      | Killed Maggie
  4893 | D:6      | Reached XP level 9. HP: 37/54 MP: 9/9
  4894 | D:6      | Killed Eustachio
  5032 | D:6      | Reached skill level 6 in Armour
  5246 | D:6      | Reached skill level 5 in Dodging
  5604 | D:6      | Reached skill level 7 in Armour
  5892 | D:6      | Reached XP level 10. HP: 56/61 MP: 10/10
  6071 | D:6      | Found a runed translucent door.
  6072 | D:6      | Noticed Crazy Yiuf
  6181 | D:6      | Reached skill level 5 in Short Blades
  6444 | D:6      | Reached **** piety under Trog
  6760 | D:6      | Killed Crazy Yiuf
  7480 | D:7      | Lost mutation: Your spells are a little harder to cast, but
                  | a little more powerful. [potion of mutation]
  7480 | D:7      | Lost mutation: You are weak. (Str -2) [potion of mutation]
  7480 | D:7      | Lost mutation: You tend to lose your temper in combat.
                  | [potion of mutation]
  7480 | D:7      | Gained mutation: Your flesh is cold resistant. (rC+)
                  | [potion of mutation]
  7573 | D:7      | Found a shimmering blue altar of Sif Muna.
  7683 | D:7      | Found Naovarhi's Self-Improvement Boutique.
  8501 | D:7      | Reached skill level 8 in Armour
  8501 | D:7      | Reached XP level 11. HP: 65/67 MP: 11/11
  8562 | D:8      | Noticed a death yak
  8564 | D:8      | Found a staircase to the Lair.
  8564 | D:8      | Noticed a death yak
  8574 | D:8      | Noticed a death yak
  8585 | D:8      | Killed a death yak
  8591 | D:8      | Slain by a death yak

Illustrated notes

Levels and vault maps discovered:
D:1:      wander_arrival_peaceful_grave, layout_basic
D:2:      layout_basic, shapermc_ecumenical_altar_pompeii, basic_altar,
          roderic_lattice_a, minmay_misc_feat_five
D:3:      minmay_general_purpose_star, layout_basic, serial_shops,
          nicolae_shop_statue_plus, uniq_sigmund
D:4:      minmay_clustersquares, layout_gridville, kennysheep_mini_moat,
          minmay_temple_entry_overgrown, uniq_blork_the_orc, uniq_natasha
D:5:      layout_rooms, kennysheep_generic_room_4
D:6:      kennysheep_windowed_halls, layout_basic, marbit_many_paths,
          minmay_joined_circles, uniq_maggie, uniq_crazy_yiuf_cottage,
          uniq_eustachio
D:7:      minmay_the_grid_octo_tiled_squarecenter [minmay_the_grid_octo_teeth,
          minmay_the_grid_octo_checkerflower, minmay_the_grid_octo_clover,
          minmay_the_grid_octo_tetromino_candy,
          minmay_the_grid_square_5x5_megaprize_hollow,
          minmay_the_grid_square_5x5_half_checkered,
          minmay_the_grid_square_5x5_fancy_junction,
          minmay_the_grid_square_5x5_six, minmay_the_grid_square_5x5_inner_i],
          layout_basic, nicolae_sif_muna_little_library, enter_ossuary_5,
          palyth_stone_intersect, nicolae_shop_self_help
D:8:      layout_rooms, nicolae_qazlal_style_of_elements,
          makhleb_blood_cavern_becter, nicolae_overflow_hidden_temple,
          dpeg_lair_monsters, serial_shops, nicolae_shop_waterfront,
          grunt_ministairs_12, chequers_jeans, grunt_livestock,
          eino_tiny_chamber, uniq_grum

Skill      XL: |  1  2  3  4  5  6  7  8  9 10 |
---------------+-------------------------------+-----
Axes           | 3 4 5 6 7 |  7.3
Dodging        | 2 3 4 5 6 |  6.9
Fighting       | 4 5 6 7 |  7.6
Armour         | 3 4 5 7 8 |  8.1
Stealth        | 1 2 3 |  3.3
Short Blades   | 2 4 7 |  7.1

Action                   |  1- 3 |  4- 6 |  7- 9 | 10-12 || total
-------------------------+-------+-------+-------+-------++-------
Melee: Hand axe          |    92 |   168 |    66 |       ||   326
       Punch             |       |     2 |     7 |     7 ||    16
       Dagger            |       |       |   300 |   256 ||   556
       Broad axe         |       |       |       |    46 ||    46
Invok: Berserk           |       |     4 |     2 |     5 ||    11
       Trog's Hand       |       |     4 |     7 |     7 ||    18
  Use: Scroll            |     4 |     8 |     6 |     9 ||    27
       Potion            |       |     1 |     4 |     2 ||     7
 Stab: Sleeping          |       |     1 |     1 |     1 ||     3
Armor: Animal skin       |    43 |     5 |       |       ||    48
       Ring mail         |       |    99 |   309 |   159 ||   567
Dodge: Dodged            |    61 |   112 |   350 |   242 ||   765

Table legend: (Time is in decaauts)
 A = Elapsed time spent in this place.
 B = Non-inter-level travel time spent in this place.
 C = Inter-level travel time spent in this place.
 D = Time resting spent in this place.
 E = Time spent auto-exploring this place.
 F = Levels seen in this place.
 G = Mean time per level.
                   A        B        C        D        E       F      G
               +--------+--------+--------+--------+--------+-----+--------+
         Total |   8681 |   8524 |    157 |    273 |   6046 |   8 | 1085.1 |
       Dungeon |   8681 |   8524 |    157 |    273 |   6046 |   8 | 1085.1 |
               +--------+--------+--------+--------+--------+-----+--------+

Top non-repeatable levels by time:
     D:6: 2185 daAuts
     D:7: 1749 daAuts
     D:4: 1117 daAuts
     D:3: 1081 daAuts
     D:1: 1002 daAuts
     D:2: 909 daAuts
     D:5: 600 daAuts
     D:8: 36 daAuts
